 Dungeon Crawl Stone Soup version 0.19-a0-1888-g6ba2374 (webtiles) character file.

495 Naow the Blocker (level 7, -12/52 HPs)
             Began as a Formicid Fighter on Oct 17, 2016.
             Killed by divine providence
             ... invoked by an orc priest
              (13 damage)
             ... on level 5 of the Dungeon.
             The game lasted 00:04:36 (2578 turns).

Naow the Blocker (Formicid Fighter)                 Turns: 2578, Time: 00:04:37

Health: -12/52     AC:  8    Str: 27    XL:     7   Next: 38%
Magic:  16/16      EV: 15    Int:  8    God:
Gold:   128        SH: 12    Dex: 15    Spells: 0 memorised, 6 levels left

rFire  . . .     SeeInvis +     a - +0 war axe
rCold  . . .     Gourm    .     b - +0 scale mail
rNeg   . . .     Faith    .     c - +0 shield
rPois  .         Spirit   .     (helmet unavailable)
rElec  .         Dismiss  .     (no cloak)
rCorr  .         Reflect  .     t - +0 pair of gloves
MR     .....     Harm     .     (no boots)
Stlth  +.........               (no amulet)
                                (no ring)
                                l - ring of magical power

@: mighty, agile
A: permanent stasis, dig shafts and tunnels, four strong arms, antennae 3
a: Dig, Shaft Self


You were on level 5 of the Dungeon.
You were hungry.

You visited 1 branch of the dungeon, and saw 5 of its levels.

You collected 128 gold pieces.

Inventory:

Hand Weapons
 a - a +0 war axe (weapon)
Armour
 b - a +0 scale mail (worn)
 c - a +0 shield (worn)
 t - a +0 pair of gloves (worn)
Jewellery
 l - a ring of magical power (left hand)
Wands
 q - a wand of digging (8/24)
Scrolls
 e - 2 scrolls of enchant armour {unknown}
 g - 4 scrolls of remove curse {unknown}
 i - 3 scrolls of identify {unknown}
 n - 4 scrolls of teleportation {unknown}
 p - a scroll of amnesia {unknown}
 r - a scroll of blinking {unknown}
 s - 2 scrolls of immolation {unknown}
Potions
 d - 3 potions of might
 k - a potion of haste {unknown}
 m - a potion of curing {unknown}
Books
 u - a book of Changes

   Spells                             Type                      Level
   a - Beastly Appendage              Transmutation                1
   b - Sticks to Snakes               Transmutation                2
   c - Spider Form                    Transmutation/Poison         3
   d - Ice Form                       Ice/Transmutation            4
   e - Blade Hands                    Transmutation                5
Comestibles
 f - 5 bread rations
 h - a chunk of flesh
 o - 3 fruits
 v - a meat ration


   Skills:
 - Level 3.2 Fighting
 - Level 2.0 Axes
 - Level 3.2 Armour
 + Level 9.5 Shields


You had 6 spell levels left.
You didn't know any spells.

Dungeon Overview and Level Annotations

Branches:
Dungeon (5/15)
 Temple: D:4-7

Altars:
Makhleb
Qazlal

Annotations:
D:4 Naow's ghost, amateur FoFi


Innate Abilities, Weirdness & Mutations

You are under a permanent stasis effect.
You can dig through walls and to a lower floor.
Your four strong arms can wield two-handed weapons with a shield.
You have a pair of large antennae on your head. (SInv)


Message History

You barely miss the orc warrior.
The orc warrior is heavily wounded.
You barely miss the orc wizard. The orc warrior hits you with a glaive.
* * * LOW HITPOINT WARNING * * *
2 orcs come into view.
You slash the orc warrior!
The orc warrior is almost dead.
You slash the orc wizard! The orc wizard closely misses you.
The orc warrior hits you with a glaive!
* * * LOW HITPOINT WARNING * * *
The orc moves out of view. x2; You block the orc wizard's attack.
You hit the orc warrior.
You kill the orc warrior!
You barely miss the orc wizard. You block the orc wizard's attack.
You are too injured to fight recklessly!
It was a potion of agility.
You feel agile all of a sudden.
The orc priest mumbles some strange prayers to Beogh against you.
Beogh smites you!
You die...

#######.#
........#
######..#
#..# #..#
#..# #..#
{ #..# {
{#@.#
....ooo).#
.###..#..#
##.#.(# #
#..# #.##
..# ###


You could see an orc priest, an orc wizard and an orc.

Vanquished Creatures
  An orc warrior (D:5)
  A scorpion (D:4)
  3 hounds
  An orc priest (D:3)
  2 orc wizards (D:3)
  An iguana (D:5)
  5 adders
  2 worms (D:3)
  A dart slug (D:2)
  A leopard gecko (D:4)
  9 orcs (D:3)
  4 bats
  6 giant cockroaches
  7 goblins
  9 hobgoblins
  6 jackals
  8 kobolds
  3 quokkas (D:2)
  6 ball pythons
  2 frilled lizards (D:2)
  13 rats
91 creatures vanquished.

Notes
Turn   | Place    | Note
-------+----------+-------------------------------------------
     0 | D:1      | Naow the Formicid Fighter began the quest for the Orb.
     0 | D:1      | Reached XP level 1. HP: 18/18 MP: 1/1
    97 | D:1      | Reached skill level 4 in Shields
   193 | D:1      | Reached XP level 2. HP: 17/24 MP: 2/2
   532 | D:2      | Reached skill level 5 in Shields
   532 | D:2      | Reached XP level 3. HP: 23/29 MP: 3/3
   741 | D:2      | Reached XP level 4. HP: 25/35 MP: 4/4
  1092 | D:3      | Reached skill level 6 in Shields
  1468 | D:3      | Reached XP level 5. HP: 36/41 MP: 5/5
  1549 | D:3      | Reached skill level 7 in Shields
  1947 | D:3      | Reached XP level 6. HP: 41/47 MP: 6/6
  2012 | D:3      | Found a faded altar of an unknown god.
  2070 | D:3      | Reached skill level 8 in Shields
  2177 | D:3      | Found a burning altar of Makhleb.
  2312 | D:4      | Found a stormy altar of Qazlal.
  2499 | D:4      | Noticed Naow's ghost (amateur FoFi)
  2541 | D:5      | Entered Level 5 of the Dungeon
  2555 | D:5      | Reached XP level 7. HP: 52/52 MP: 7/7
  2570 | D:5      | Reached skill level 9 in Shields
  2576 | D:5      | HP: 1/52 [orc warrior/glaive (13)]
  2578 | D:5      | Killed from afar by an orc priest

Vault maps used:
D:1:      minmay_arrival_cross
D:2:      st_stairs_7, minmay_shallow_snake_nest
D:3:      first_bread, ecumenical_altar_2, makhleb_blood_cavern_becter
D:4:      nemelex_xobeh_ov_fountains_minmay, grunt_qazlal_clouds, uniq_pikel,
          uniq_menkaure
D:5:      guppyfry_early_orc_mine

Skill      XL: |  1  2  3  4  5  6  7 |
---------------+----------------------+-----
Shields        | 4 5 6 7 8 9 |  9.5
Fighting       | |  3.2
Axes           | |  2.0
Armour         | |  3.2

Action                   |  1- 3 |  4- 6 |  7- 9 || total
-------------------------+-------+-------+-------++-------
Melee: War axe           |   115 |   271 |     8 ||   394
  Use: Potion            |       |       |     2 ||     2
  Eat: Chunk             |       |     6 |       ||     6
Armor: Scale mail        |    52 |   103 |       ||   155
Dodge: Dodged            |    40 |    89 |     4 ||   133
Block: Shield            |    81 |   166 |     8 ||   255
